 Dungeon Crawl Stone Soup version 0.21.1-1-g345015f (webtiles) character file.

1 shakethe the Shield-Bearer (level 1, -1/14 HPs)
             Began as a Gargoyle Fighter on Feb 10, 2018.
             Slain by a goblin
             ... wielding a +0 club
              (4 damage)
             ... on level 1 of the Dungeon.
             The game lasted 00:00:37 (22 turns).

shakethe the Shield-Bearer (Gargoyle Fighter)         Turns: 22, Time: 00:00:37

Health: -1/14      AC:  9    Str: 19    XL:     1   Next: 20%
Magic:  1/1        EV:  7    Int:  8    God:
Gold:   0          SH:  9    Dex:  9    Spells: 0/0 levels left

rFire    . . .     SeeInvis .   a - +0 flail
rCold    . . .     Gourm    .   c - +0 shield
rNeg     + . .     Faith    .   b - +0 scale mail
rPois    ∞         Spirit   .   (no helmet)
rElec    +         Reflect  .   (no cloak)
rCorr    .         Harm     .   (no gloves)
MR       .....                  (no boots)
Stlth    ..........             (no amulet)
HPRegen  0.04/turn              (no ring)
MPRegen  0.07/turn              (no ring)

@: no status effects
A: negative energy resistance 1, electricity resistance, unbreathing,
petrification resistance, rot immunity, AC +2
a: no special abilities


You were on level 1 of the Dungeon.
You were not hungry.

You visited 1 branch of the dungeon, and saw 1 of its levels.

Inventory:

Hand Weapons
 a - a +0 flail (weapon)
Armour
 b - a +0 scale mail (worn)
 c - a +0 shield (worn)
Potions
 d - a potion of might
Comestibles
 f - a ration


   Skills:
 - Level 3.2 Fighting
 * Level 2.1 Maces & Flails
 - Level 3.2 Armour
 + Level 3.3 Shields


You couldn't memorise any spells.
You didn't know any spells.

Dungeon Overview and Level Annotations

Branches:
Dungeon (1/15)

Altars:


Innate Abilities, Weirdness & Mutations

You are resistant to torment.
Your stone body is resilient. (AC +2)
You are immune to poison.
You resist negative energy. (rN+)
You are resistant to electric shocks. (rElec)
You can survive without breathing.
You are immune to petrification.
You are immune to rotting.


Message History

Welcome, shakethe the Gargoyle Fighter.
Will you be the one to retrieve the fabulous Orb of Zot from the depths?
Found a staircase leading out of the dungeon.
Setting a skill training target for Maces & Flails at 14.0.
A goblin and a dart slug come into view.
The goblin shouts!
You hit the goblin. The goblin barely misses you.
The goblin hits you but does no damage.
A goblin comes into view. It is wielding a club.
You closely miss the goblin.
The goblin shouts!
The goblin hits you but does no damage. The dart slug launches a dart at you.
The slug dart hits you!
You sock the goblin!
You kill the goblin!
The dart slug barely misses you.
You hit the dart slug. The dart slug launches a dart at you.
You block the slug dart.
Your shield and scale mail prevent you from hitting the dart slug.
The goblin hits you but does no damage.
The dart slug bites you but does no damage.
You hit the dart slug. The goblin barely misses you. The dart slug bites you.
You take 2 damage, and have 12/14 hp.
You completely miss the dart slug. The goblin hits you with a club.
The dart slug launches a dart at you. The slug dart hits you!
The goblin misses you.
You take 5 damage, and have 7/14 hp.
MASSIVE DAMAGE!!
The dart slug launches a dart at you. The slug dart hits you!
* * * LOW HITPOINT WARNING * * *
You take 5 damage, and have 2/14 hp.
MASSIVE DAMAGE!!
The dart slug launches a dart at you. You block the slug dart.
Unknown command.
A hobgoblin comes into view. It is wielding a club.
The hobgoblin shouts!
The goblin hits you with a club.
You die...

.###### .......
...g...##
........# #..#
##@#
#######g####### ##
#.............#..#
.........w...(.#.#
......#.#.......#
....#.#.#.#......#
...##.#.#.##.....#
... . #.#⌠. .....#
#######.#######..#


You could see a dart slug, a hobgoblin and a goblin.

Vanquished Creatures
  A goblin (D:1)
1 creature vanquished.

Notes
Turn   | Place    | Note
-------+----------+-------------------------------------------
     0 | D:1      | shakethe the Gargoyle Fighter began the quest for the Orb.
     0 | D:1      | Reached XP level 1. HP: 14/14 MP: 1/1
    18 | D:1      | HP: 2/14 [dart slug/slug dart (5)]
    22 | D:1      | Slain by a goblin

Action                   || total
-------------------------++-------
Melee: Flail             ||     7
Armor: Scale mail        ||     5
Dodge: Dodged            ||     4
Block: Shield            ||     2

Vault maps used:
D:1:      matt_arrival_grand_opening, minmay_misc_feat_pillars

Table legend:
 A = Turns spent in this place as a percentage of turns spent in the entire game.
 B = Non-inter-level travel turns spent in this place as a percentage of non-inter-level travel turns spent in the entire game.
 C = Inter-level travel turns spent in this place as a percentage of turns spent in this place.
 D = Turns resting spent in this place as a percentage of non-inter-level travel turns spent in this place.
 E = Turns spent auto-exploring this place as a percentage of non-inter-level travel turns spent in this place.
 F = Non-inter-level travel turns spent in this place divided by the number of levels of this place that you've seen.
                   A       B       C       D       E      F
               +-------+-------+-------+-------+-------+----------------------
         Total | 100.0 | 100.0 |   0.0 |   0.0 |  22.7 |  22.0
       Dungeon | 100.0 | 100.0 |   0.0 |   0.0 |  22.7 |  22.0
               +-------+-------+-------+-------+-------+----------------------

Table legend:
 A = Kills in this place as a percentage of kills in entire the game.
 B = Kills by you in this place as a percentage of kills by you in the entire game.
 C = Kills by friends in this place as a percentage of kills by friends in the entire game.
 D = Other kills in this place as a percentage of other kills in the entire game.
 E = Experience gained in this place as a percentage of experience gained in the entire game.
 F = Experience gained in this place divided by the number of levels of this place that you have seen.
                   A       B       C       D       E      F
               +-------+-------+-------+-------+-------+----------------------
         Total | 100.0 | 100.0 |   N/A |   N/A | 100.0 |   2.0
       Dungeon | 100.0 | 100.0 |   N/A |   N/A | 100.0 |   2.0
               +-------+-------+-------+-------+-------+----------------------
